 Dungeon Crawl Stone Soup version 0.13.0-3-g966e3ec (webtiles) character file.

459 Malachi the Grave Robber (level 6, -2/49 HPs)
             Began as a Deep Dwarf Necromancer on Oct 13, 2013.
             Killed by divine providence
             ... invoked by an orc priest
              (11 damage)
             ... on Level 4 of the Dungeon.
             The game lasted 00:07:50 (3800 turns).

Malachi the Grave Robber (Deep Dwarf Necromancer)   Turns: 3800, Time: 00:07:51

HP  -2/49        AC  3     Str 12      XL: 6   Next:  4%
MP   5/10        EV 13     Int 17      God:
Gold 182         SH  0     Dex 13      Spells:  2 memorised,  4 levels left

Res.Fire  : . . .   See Invis. : .   s - +4,+2 elf short sword (flame)
Res.Cold  : . . .   Warding    : .   g - +0 robe (curse)
Life Prot.: . . .   Conserve   : .   (no shield)
Res.Poison: .       Res.Corr.  : .   (no helmet)
Res.Elec. : .       Clarity    : .   (no cloak)
Sust.Abil.: + .     Spirit.Shd : .   i - +0 pair of gloves
Res.Mut.  : .       Stasis     : .   (no boots)
Res.Rott. : .       Flight     : .   (no amulet)
Saprovore : . . .                    w - ring of sustain abilities
                                     v - ring of sustenance

@: non-regenerating, somewhat resistant to hostile enchantments, fairly stealthy
A: damage resistance, recharge devices, sense surroundings 1, slow healing 3
a: Device Recharging


You were on level 4 of the Dungeon.
You were not hungry.

You visited 1 branch of the dungeon, and saw 4 of its levels.

You collected 162 gold pieces.

Inventory:

Hand weapons
 s - a +4,+2 elven short sword of flaming (weapon)
Armour
 a - a +0 robe
 g - a cursed +0 robe (worn)
 i - a +0 pair of gloves (worn)
Magical devices
 c - a wand of heal wounds (4)
Comestibles
 d - 2 bread rations
 f - 4 chokos
Scrolls
 k - a scroll of noise {unknown}
 m - a scroll of fear {unknown}
 n - a scroll of teleportation {unknown}
 o - a scroll of curse weapon {unknown}
 r - 3 scrolls of identify
Jewellery
 t - a +1 ring of dexterity
 v - a ring of sustenance (left hand)
 w - a ring of sustain abilities (right hand)
Potions
 e - a potion of agility {unknown}
 h - a potion of speed {unknown}
 j - a potion of restore abilities {unknown}
 l - a potion of degeneration {unknown}
 p - a potion of brilliance {unknown}
 q - a potion of might {unknown}
 u - 2 potions of curing {unknown}
 x - a potion of poison {unknown}
 B - a potion of resistance {unknown}
Books
 b - a book of Necromancy

   Spells                             Type                      Level
   *Pain                              Necromancy                   1
   Animate Skeleton                   Necromancy                   1
   Lethal Infusion                    Charms/Necromancy            2
   *Vampiric Draining                 Necromancy                   3
   Regeneration                       Charms/Necromancy            3
   Animate Dead                       Necromancy                   4
   Control Undead                     Necromancy                   4


   Skills:
 + Level 0.1 Fighting
 + Level 1.0 Short Blades
 + Level 3.8 Dodging
 + Level 3.0 Stealth
 + Level 1.9 Spellcasting
 * Level 6.5 Necromancy


You had 4 spell levels left.
You knew the following spells:

 Your Spells              Type           Power        Failure   Level  Hunger
a - Pain                  Necr           ###.         1%          1    #......
b - Vampiric Draining     Necr           ###.......   4%          3    ####...


Dungeon Overview and Level Annotations

Branches:
Dungeon (4/27)
 Temple: D:4-7

Altars:
the Shining One


Innate Abilities, Weirdness & Mutations

You are resistant to damage.
You can recharge devices by infusing magical energy.
You passively map a small area around you.
You do not heal naturally.


Message History

The orc hits you but does no damage. It hits you.
The orc priest calls down the wrath of Beogh upon you.
Something smites you!
* * * LOW HITPOINT WARNING * * *
You miss it. The orc closely misses you. It hits you.
* * * LOW HITPOINT WARNING * * *
Casting: Vampiric Draining
Confirm with . or Enter, or press ? or * to list all spells.
Okay, then.
Casting: Vampiric Draining
Confirm with . or Enter, or press ? or * to list all spells.
You can't see any susceptible monsters within range! (Use Z to cast anyway.)
Casting: Vampiric Draining
Confirm with . or Enter, or press ? or * to list all spells.
Aiming: Vampiric Draining
Press: ? - help, Shift-Dir - straight line You feel life coursing into your body.
The orc misses you.
The orc priest calls down the wrath of Beogh upon you.
Something smites you!
You die...

##########.........###
..>.....##...........#
.....................#
...........o.o.......# #
..###.......o....>#### ###
..##########.....o### #..
..#........#...##o..# ##### #..
###.)..........##...# #...# #..
#............o#@...# #...####.
##...#.........#....#####....###.
...............o........)........
.......................).........
.................................
.................(...............
.................................
.................................
.............)...................


You could see an orc priest, an orc wizard and an orc.

Vanquished Creatures
  An ogre (D:4)
  An orc wizard (D:4)
  Jessica (D:3)
  6 adders
  2 giant mites
  2 giant geckos
  An ooze (D:2)
  7 orcs
  A ball python (D:2)
  4 giant cockroaches
  11 goblins
  10 hobgoblins
  5 jackals
  8 bats
  6 giant newts
  7 kobolds
  A quokka (D:2)
  7 rats
  A rat zombie (D:4)
82 creatures vanquished.

Notes
Turn   | Place    | Note
--------------------------------------------------------------
     0 | D:1      | Malachi, the Deep Dwarf Necromancer, began the quest for the Orb.
     0 | D:1      | Reached XP level 1. HP: 15/15 MP: 3/3
   355 | D:1      | Reached XP level 2. HP: 20/22 MP: 2/4
   890 | D:2      | Reached skill level 5 in Necromancy
   890 | D:2      | Reached XP level 3. HP: 21/28 MP: 1/5
   905 | D:2      | Learned a level 3 spell: Vampiric Draining
  1517 | D:2      | Reached XP level 4. HP: 30/36 MP: 7/7
  2274 | D:3      | Noticed Jessica
  2283 | D:3      | Killed Jessica
  2570 | D:3      | Found a glowing golden altar of the Shining One.
  2928 | D:4      | Noticed an ogre
  2940 | D:3      | Reached XP level 5. HP: 28/42 MP: 2/9
  3063 | D:4      | Reached skill level 6 in Necromancy
  3159 | D:4      | Killed an ogre
  3229 | D:4      | Reached skill level 1 in Short Blades
  3368 | D:4      | Reached XP level 6. HP: 25/49 MP: 0/10
  3797 | D:4      | HP: 1/49 [orc priest/divine providence (12)]
  3800 | D:4      | Killed from afar by an orc priest

Action                   |  1- 3 |  4- 6 || total
-------------------------+-------+-------++-------
Melee: Unarmed           |    17 |       ||    17
       Short sword       |    13 |    78 ||    91
 Cast: Pain              |    44 |       ||    44
       Vampiric Draining |     7 |    28 ||    35
Evoke: Wand              |       |     1 ||     1
  Use: Scroll            |       |     2 ||     2
 Stab: Sleeping          |       |     5 ||     5
